Map: [ESL] Hard Lead

Players

SKillous - Winner!

  • Race: Protoss Protoss
  • League: Grandmaster
  • Spawn Location: 11:00

BabyMarine

  • Race: Terran Terran
  • Spawn Location: 5:00

Event: HomeStory Cup XXIV

VOD

Have the link to the VOD?

Description

Time

  • Played on: Dec. 2, 2023, 6:41 a.m.
  • Length: 6:00

All games in this series

Show
View Real Time Build Order
Export as new Build Order

SKillous Protoss - Winner!

Build Orders: 1 Gate Expand, Blink Stalkers 

Get SALT Encoding   

  12  0:00  Probe  
  13  0:12  Probe  
  14  0:18  Pylon  
  14  0:24  Probe  
  15  0:37  Probe (Chrono Boost)  
  15  0:39  Gateway  
  16  0:46  Probe (Chrono Boost)  
  17  0:51  Assimilator, Probe (Chrono Boost)  
  18  1:03  Probe  
  19  1:15  Probe  
  20  1:26  Cybernetics Core  
  20  1:38  Nexus  
  20  1:41  Pylon  
  20  1:45  Probe  
  21  1:51  Assimilator  
  21  1:57  Probe  
  21  1:59  Adept (Chrono Boost)  
  22  2:03  Warp Gate  
  24  2:13  Probe  
  25  2:19  Adept (Chrono Boost)  
  26  2:25  Probe  
  27  2:33  Twilight Council  
  27  2:37  Probe  
  27  2:43  Stalker  
  30  2:51  Probe (Chrono Boost)  
  32  2:54  Probe (Chrono Boost)  
  32  2:57  Gateway  
  32  3:00  Probe (Chrono Boost)  
  32  3:03  Probe (Chrono Boost)  
  32  3:05  Probe (Chrono Boost)  
  34  3:06  Blink (Chrono Boost)  
  35  3:13  Probe  
  35  3:19  Probe  
  37  3:25  Probe  
  38  3:31  Robotics Facility, Probe  
  37  3:38  Probe  
  36  3:43  Gateway, Probe  
  36  3:46  Pylon  
  37  3:50  Probe  
  37  3:51  Stalker  
  37  3:53  Stalker  
  37  3:55  Probe  
  43  4:03  Probe  
  43  4:04  Gateway  
  43  4:06  Assimilator  
  44  4:16  Stalker x2  
  49  4:22  Warp Prism (Chrono Boost)  
  48  4:26  Probe  
  48  4:28  Probe  
  52  4:31  Pylon  
  52  4:33  Pylon  
  52  4:38  Stalker  
  54  4:51  Stalker x2  
  58  4:54  Probe x2  
  60  5:03  Observer  
  60  5:04  Pylon  
  62  5:11  Stalker x2  
  62  5:13  Stalker  
  62  5:14  Stalker  
  70  5:20  Pylon  
  68  5:23  Probe  
  67  5:44  Probe  
  67  5:45  Stalker x4  
Show
View Real Time Build Order
Export as new Build Order

BabyMarine Terran 

Build Orders: Reaper Expand 

Get SALT Encoding   

  12  0:00  SCV  
  13  0:12  SCV  
  14  0:16  Supply Depot  
  14  0:24  SCV  
  15  0:38  SCV  
  15  0:39  Barracks  
  16  0:45  Refinery  
  16  0:51  SCV  
  17  1:03  SCV  
  18  1:16  SCV  
  19  1:28  Reaper  
  19  1:29  Orbital Command  
  20  1:47  Command Center  
  20  1:55  SCV  
  21  2:01  Marine, Supply Depot  
  21  2:08  SCV  
  23  2:13  Factory  
  23  2:22  Refinery  
  23  2:23  SCV  
  23  2:26  Barracks Reactor  
  24  2:31  Bunker  
  24  2:35  SCV  
  25  2:47  SCV  
  27  2:58  Hellion  
  27  3:01  SCV  
  27  3:02  Orbital Command  
  27  3:05  Marine x2  
  29  3:11  Starport  
  30  3:17  SCV  
  33  3:20  Widow Mine  
  33  3:23  Marine x2  
  35  3:29  SCV  
  35  3:30  SCV  
  36  3:41  Marine, SCV  
  38  3:43  SCV  
  38  3:44  Widow Mine  
  38  3:48  Marine, Supply Depot  
  41  3:52  Medivac  
  41  3:53  SCV  
  41  3:55  SCV  
  46  4:02  Bunker  
  46  4:04  Supply Depot  
  46  4:05  Factory Tech Lab  
  46  4:09  Marine x2  
  48  4:11  SCV x2  
  50  4:20  Barracks  
  50  4:24  Siege Tank  
  53  4:25  SCV  
  53  4:26  SCV  
  53  4:28  Starport Tech Lab  
  53  4:29  Marine  
  56  4:31  Supply Depot  
  56  4:32  Marine  
  57  4:38  SCV  
  57  4:41  SCV  
  57  4:48  Raven, Barracks  
  59  4:53  Refinery  
  59  4:55  SCV  
  59  4:56  Siege Tank, Supply Depot  
  59  4:59  Marine x2  
  59  5:03  SCV  
  60  5:07  SCV  
  60  5:08  Engineering Bay  
  60  5:11  Barracks Tech Lab  
  61  5:15  SCV  
  61  5:19  SCV  
  63  5:25  Marine x2  
  63  5:27  SCV  
  65  5:30  Starport Reactor  
  65  5:32  SCV  
  56  5:39  SCV  
  56  5:41  Marine  
  53  5:44  SCV  
Tags
 
Add a new tag
Caveats
  • Supply blocks, unpowered buildings, or Contaminate may cause inaccurate times.
  • Supply counts are checked every 10 seconds.